 Dungeon Crawl Stone Soup version 0.26.0-15-gc6cd9f700b (webtiles) character file.

Game seed: 9493919165780822139

11499 ythm the Martial Artist (level 11, -1/60 HPs)
             Began as a Vine Stalker Transmuter on Jan 15, 2021.
             Was a High Priest of Cheibriados.
             Slain by a seven-headed hydra (5 damage)
             ... on level 1 of the Lair of Beasts.
             The game lasted 00:24:49 (10165 turns).

ythm the Martial Artist (Vine Stalker Transmuter)  Turns: 10165, Time: 00:24:51

Health: -1/60      AC:  4    Str: 24    XL:     11   Next: 78%
Magic:  0/18       EV: 15    Int: 32    God:    Cheibriados [*****.]
Gold:   408        SH:  5    Dex: 27    Spells: 8/18 levels left

rFire    + . .     SeeInvis .     - Unarmed
rCold    . . .     Faith    .   (no shield)
rNeg     . . .     Spirit   +   (no armour)
rPois    .         Reflect  +   g - +0 helmet
rElec    .         Harm     .   k - +0 cloak
rCorr    .         Rampage  .   h - +0 pair of gloves
Will     +....                  j - +0 pair of boots
Stlth    ++++......             O - amulet of reflection
HPRegen  0.60/turn              p - +6 ring of intelligence
MPRegen  0.16/turn              B - ring of protection from fire

@: invisible, very slow
A: fangs 3, regeneration 1, magic shield, antimagic bite, no potion heal 3
a: Renounce Religion, Bend Time, Temporal Distortion, Slouch, Step From Time


You were on level 1 of the Lair of Beasts.
You worshipped Cheibriados.
Cheibriados was extremely pleased with you.
You visited 3 branches of the dungeon, and saw 13 of its levels.

You collected 592 gold pieces.
You spent 184 gold pieces at shops.

Inventory:

Hand Weapons
 d - a +1 dagger of holy wrath
 w - a +0 dagger of draining
 C - the +5 great sword of Ceunymo {drain, rElec Will+ Stlth+}
   (You took it off an orc warrior on level 6 of the Dungeon)

   A truly terrible weapon, it drains the life of those it strikes.
   It insulates you from electricity.
   It affects your willpower, your defense against some magical effects.
   It makes you more stealthy.
Missiles
 Q - 7 silver javelins
Armour
 b - a +0 ring mail
 g - a +0 helmet (worn)
 h - a +0 pair of gloves (worn)
 j - a +0 pair of boots (worn)
 k - a +0 cloak (worn)
 N - a +0 troll leather armour
Magical Staves
 y - an uncursed staff of death {unknown}
 P - an uncursed staff of fire {unknown}
Jewellery
 p - a +6 ring of intelligence (left hand)
 v - an uncursed ring of ice
 B - a ring of protection from fire (right hand)
 I - an uncursed amulet of the acrobat
 J - an uncursed ring of positive energy
 O - an amulet of reflection (around neck)
 R - an uncursed ring of protection from fire
Wands
 t - a wand of disintegration (1)
 u - a wand of acid (8)
 G - a wand of enslavement (5)
 H - a wand of paralysis (8)
Scrolls
 c - a scroll of random uselessness {unknown}
 e - 10 scrolls of teleportation
 f - 12 scrolls of identify
 i - 3 scrolls of enchant armour {unknown}
 l - 3 scrolls of blinking {unknown}
 n - a scroll of amnesia {unknown}
 q - 2 scrolls of noise {unknown}
 r - a scroll of holy word {unknown}
 x - a scroll of immolation {unknown}
 z - 3 scrolls of fear
 E - 2 scrolls of magic mapping {unknown}
 F - 5 scrolls of remove curse
 L - a scroll of enchant weapon {unknown}
Potions
 a - a potion of attraction {unknown}
 m - 3 potions of curing
 o - 3 potions of flight
 s - 3 potions of cancellation
 D - a potion of ambrosia
 K - 2 potions of degeneration {unknown}
 M - a potion of might


   Skills:
 + Level 8.1 Fighting
 + Level 3.3 Armour
 + Level 3.4 Dodging
 - Level 6.0 Stealth
 * Level 12.5 Unarmed Combat
 - Level 4.0 Spellcasting
 + Level 4.3 Transmutations
 + Level 4.7 Invocations


You had 8 spell levels left.
You knew the following spells:

 Your Spells              Type           Power        Failure   Level
a - Beastly Appendage     Tmut           68%          1%          1
b - Ice Form              Ice/Tmut       20%          22%         4
c - Blade Hands           Tmut           17%          26%         5

Your spell library contained the following spells:

 Spells                   Type           Power        Failure   Level
 Wereblood                Tmut           34%          1%          2
 Magic Dart               Conj           24%          5%          1
 Pain                     Necr           24%          5%          1
 Spider Form              Tmut/Pois      10%          7%          3
 Blink                    Tloc           N/A          9%          2
 Call Imp                 Summ           6%           9%          2
 Slow                     Hex            6%           9%          2
 Sublimation of Blood     Necr           3%           9%          2
 Conjure Flame            Conj/Fire      6%           17%         3
 Mephitic Cloud           Conj/Pois/Air  6%           17%         3
 Animate Dead             Necr           3%           50%         4
 Dispel Undead            Necr           6%           50%         4
 Metabolic Englaciation   Hex/Ice        3%           83%         5


Dungeon Overview and Level Annotations

Branches:
Dungeon (11/15)            Temple (1/1) D:7            Lair (1/6) D:9
    Orc: D:9-12

Altars:
Ashenzari
Cheibriados
Dithmenos
Elyvilon
Fedhas
Gozag
Hepliaklqana
Kikubaaqudgha
Makhleb
Nemelex Xobeh
Okawaru
Qazlal
Ru
Sif Muna
Trog
Uskayaw
Vehumet
Wu Jian
Xom
Zin
The Shining One

Shops:
D:4 *   D:5 ?   D:9 (

Annotations:
D:10 2 transporters, firemonkey's ghost, novice DgEE
D:11 Erica


Innate Abilities, Weirdness & Mutations

You have razor-sharp teeth.
Your natural rate of healing is unusually fast.
When hurt, damage is shared between your health and your magic reserves.
Your bite disrupts and absorbs the magic of your enemies.
Potions cannot restore your health.


Message History

Unknown command.
Unknown command.
You pummel the seven-headed hydra!!
You bite the seven-headed hydra, but do no damage.
The seven-headed hydra is heavily wounded.
The seven-headed hydra bites you!
You block the seven-headed hydra's attack.
The seven-headed hydra bites you.
The seven-headed hydra closely misses you.
The seven-headed hydra bites you. The seven-headed hydra bites you!
The seven-headed hydra bites you!!
* * * LOW HITPOINT WARNING * * *
Unknown command.
You fade into invisibility!
The seven-headed hydra completely misses you.
The seven-headed hydra bites you!
* * * LOW HITPOINT WARNING * * *
The seven-headed hydra closely misses you.
The seven-headed hydra bites you.
You die...

.....# ......### ....
.......P# ..... ........#
..... ........### ####
.....
.........P###..######.....
........................#
........D@P...........#
............P##......##
.....[.....#######...#
........>...# ##.##
............# ##.##
............# #.#.#
#...........# ##.###
#.#........#. ##.## #..#


You could see a seven-headed hydra.

Vanquished Creatures
  A hydra (D:11)
  A two-headed ogre (D:11)
  A tengu warrior (D:11)
  An unseen horror (D:11)
  Pikel (D:5)
  An ugly thing (D:8)
  A manticore (D:11)
  A centaur skeleton (D:11)
  A tengu conjurer (D:11)
  2 trolls (D:9)
  A hornet (D:11)
  5 yaks (Lair:1)
  A steam dragon (D:11)
  2 wargs (D:9)
  3 ice beasts
  6 orc warriors
  2 necrophages
  The ghost of SnakkuSnakku7 the Covert, an amateur GnDe (D:6)
  3 black bears
  A phantom (D:11)
  2 ogres
  2 centaurs
  A lemure (D:5)
  3 big kobolds
  Blork the orc (D:4)
  5 bullfrogs
  A wyvern zombie (D:7)
  A water moccasin zombie (D:7)
  2 scorpions
  10 wights (D:8)
  4 howler monkeys
  A bullfrog zombie (D:11)
  4 centaur zombies
  5 hounds
  2 quasits
  A jelly (D:11)
  18 orc wizards
  8 orc priests
  5 iguanas
  12 worker ants
  2 hound skeletons
  A howler monkey zombie (D:4)
  3 worker ant zombies
  8 gnolls (D:4)
  10 adders
  7 shadow imps
  4 white imps
  3 ufetubi
  An ooze (D:3)
  3 adder skeletons
  5 worms
  11 leopard geckos
  63 orcs
  7 bats
  8 giant cockroaches
  9 hobgoblins
  22 jackals
  24 kobolds
  8 quokkas
  3 ball pythons
  4 frilled lizards
  9 goblins
  A jackal skeleton (D:4)
  2 leopard gecko zombies (D:5)
  A quokka zombie (D:5)
  9 rats
352 creatures vanquished.

Vanquished Creatures (others)
  A bat (D:3)
1 creature vanquished.

Grand Total: 353 creatures vanquished

Notes
Turn   | Place    | Note
-------+----------+-------------------------------------------
     0 | D:1      | ythm the Vine Stalker Transmuter began the quest for the
                  | Orb.
     0 | D:1      | Reached XP level 1. HP: 9/9 MP: 4/4
    82 | D:1      | Reached skill level 1 in Fighting
   263 | D:1      | Reached XP level 2. HP: 14/14 MP: 6/6
  1096 | D:2      | Reached XP level 3. HP: 18/18 MP: 7/7
  1105 | D:2      | Reached skill level 4 in Unarmed Combat
  1375 | D:2      | Gained mutation: Your natural rate of healing is unusually
                  | fast. [Vine Stalker growth]
  1375 | D:2      | Reached XP level 4. HP: 23/23 MP: 8/8
  2119 | D:3      | Reached XP level 5. HP: 27/27 MP: 7/9
  2159 | D:3      | Reached skill level 5 in Unarmed Combat
  2250 | D:3      | Reached XP level 6. HP: 23/32 MP: 6/10
  3035 | D:4      | Reached skill level 6 in Unarmed Combat
  3036 | D:4      | Reached skill level 1 in Stealth
  3167 | D:4      | Reached XP level 7. HP: 31/36 MP: 9/11
  3181 | D:4      | Reached skill level 1 in Armour
  3213 | D:5      | Entered Level 5 of the Dungeon
  3337 | D:4      | Found Uqeecipp's Assorted Antiques.
  3342 | D:4      | Bought a scroll labelled KEGOIZXOTZ for 23 gold pieces
  3342 | D:4      | Bought a scroll labelled EPPICH UDYLICK for 23 gold pieces
  3342 | D:4      | Bought a bubbling green potion for 20 gold pieces
  3342 | D:4      | Bought a scroll labelled EPPICH UDYLICK for 23 gold pieces
  3342 | D:4      | Bought a scroll labelled ISKEACV HOASE for 23 gold pieces
  3342 | D:4      | Bought a bubbling green potion for 20 gold pieces
  3554 | D:4      | Found a glowing golden altar of the Shining One.
  3557 | D:4      | Found a shadowy altar of Dithmenos.
  3599 | D:4      | Noticed Blork the orc
  3600 | D:4      | Found an ancient bone altar of Kikubaaqudgha.
  3608 | D:4      | Killed Blork the orc
  3616 | D:4      | Found a white marble altar of Elyvilon.
  3749 | D:5      | Reached skill level 7 in Unarmed Combat
  3932 | D:5      | Found Lautre's Magic Scroll Boutique.
  3957 | D:5      | Bought a scroll of fear for 52 gold pieces
  4001 | D:5      | Noticed Pikel
  4037 | D:5      | Killed Pikel
  4038 | D:5      | Reached skill level 5 in Fighting
  4038 | D:5      | Reached skill level 8 in Unarmed Combat
  4038 | D:5      | Gained mutation: You have razor-sharp teeth. [Vine Stalker
                  | growth]
  4038 | D:5      | Reached XP level 8. HP: 23/43 MP: 9/12
  4226 | D:5      | Reached skill level 9 in Unarmed Combat
  4413 | D:5      | Reached XP level 9. HP: 37/47 MP: 9/13
  4696 | D:6      | Found a runed translucent door.
  4700 | D:6      | Noticed SnakkuSnakku7's ghost (amateur GnDe)
  4835 | D:6      | Found a sacrificial altar of Ru.
  4964 | D:6      | Identified the +10 falchion of Chaos {vorpal, *Rage +Fly
                  | Str+8 Dex-2}
  4966 | D:6      | Identified the +5 great sword of Ceunymo {drain, rElec
                  | Will+ Stlth+}
  5229 | D:6      | Killed SnakkuSnakku7's ghost
  5327 | D:6      | Noticed an angel
  5328 | D:6      | Found a glowing silver altar of Zin.
  5357 | D:7      | Reached skill level 10 in Unarmed Combat
  5783 | D:7      | Identified the Papyrus of Freezing Unholy Arts
  5888 | D:7      | Found a staircase to the Ecumenical Temple.
  5897 | Temple   | Entered the Ecumenical Temple
  5948 | Temple   | Became a worshipper of Cheibriados the Contemplative
  6498 | D:8      | Reached skill level 1 in Invocations
  6531 | D:8      | Reached skill level 11 in Unarmed Combat
  6534 | D:8      | Paralysed by an orc for 6 turns
  6554 | D:8      | Noticed a green ugly thing
  6561 | D:8      | Killed a green ugly thing
  6562 | D:8      | Reached XP level 10. HP: 55/55 MP: 14/14
  6634 | D:8      | Reached * piety under Cheibriados
  6864 | D:8      | Reached ** piety under Cheibriados
  6886 | D:8      | Learned a level 4 spell: Ice Form
  6892 | D:8      | Learned a level 5 spell: Blade Hands
  7218 | D:8      | Reached skill level 5 in Stealth
  7302 | D:8      | Reached *** piety under Cheibriados
  7830 | D:9      | Found an ornate altar of the Wu Jian Council.
  7888 | D:9      | Found a staircase to the Lair.
  8403 | D:9      | Found Zeleun's Antique Weapon Shop.
  8872 | D:10     | Entered Level 10 of the Dungeon
  8906 | D:10     | Found a glowing golden altar of the Shining One.
  9044 | D:10     | Noticed a kobold demonologist
  9045 | D:10     | Noticed firemonkey's ghost (novice DgEE)
  9058 | D:10     | Reached **** piety under Cheibriados
  9096 | D:10     | Found a transporter.
  9180 | D:10     | Reached XP level 11. HP: 58/58 MP: 16/16
  9196 | D:10     | Found a transporter.
  9337 | D:11     | Noticed a manticore
  9348 | D:11     | Killed a manticore
  9349 | D:11     | Reached skill level 12 in Unarmed Combat
  9501 | D:11     | Noticed a four-headed hydra
  9506 | D:11     | Killed a four-headed hydra
  9649 | D:11     | Reached ***** piety under Cheibriados
  9698 | D:11     | Noticed a two-headed ogre
  9708 | D:11     | Killed a two-headed ogre
  9860 | D:11     | Noticed a tengu warrior
  9876 | D:11     | Killed a tengu warrior
  9878 | D:11     | Killed an unseen horror
  9957 | D:11     | Noticed Erica
 10014 | Lair:1   | Entered Level 1 of the Lair of Beasts
 10157 | Lair:1   | Noticed a seven-headed hydra
 10165 | Lair:1   | Slain by a seven-headed hydra

Illustrated notes

Levels and vault maps discovered:
D:1:      evilmike_arrival_hilbert_curve, layout_loops_corners
D:2:      layout_basic, minmay_tromino_v4_a
D:3:      layout_loops_corners, amcnicky_mini_pool_small, lemuel_flame_loot_1
D:4:      layout_rooms, nicolae_overflow_hidden_temple, serial_shops,
          kennysheep_little_box, minmay_box_of_dots, uniq_blork_the_orc
D:5:      minmay_chambers_of_threes, layout_loops_ring, serial_shops, shop,
          uniq_pikel
D:6:      layout_rooms, zin_angel, nicolae_ru_awakened_eye, serial_glass,
          glass_columns_a, glass_columns_a, ebering_ghost_reflecting_pool,
          nrook_campfire, minmay_fractal_squares_diagonal_5
D:7:      layout_gridville, minmay_temple_entry_large_hall, minmay_misc_feat_x
D:8:      layout_loops_ring, special_room [special_room_orc],
          nicolae_benzene_ring
D:9:      layout_stronghold, erik_lair_orcish_takeover, serial_shops, shop,
          basic_altar, lemuel_statue_altar
D:10:     layout_gridville, gammafunk_ghost_arena, nicolae_tso_carved_into_rock
D:11:     layout_long_grid, uniq_erica
Temple:   kb_temple_of_zot
Lair:1:   beast_lair_carwin_large_4, layout_cave_pods, serial_bayou_shore_a,
          grunt_megastairs_3, minmay_lair_oklob_chamber

Skill      XL: |  1  2  3  4  5  6  7  8  9 10 11 |
---------------+----------------------------------+-----
Fighting       | 1 2 3 5 7 8 |  8.1
Unarmed Combat | 4 5 6 8 9 11 12 | 12.5
Stealth        | 1 3 4 5 6 |  6.0
Armour         | 1 2 3 |  3.3
Invocations    | 2 3 4 |  4.7
Dodging        | 2 3 |  3.4
Spellcasting   | 3 4 |  4.0
Transmutations | 3 4 |  4.3

Action                   |  1- 3 |  4- 6 |  7- 9 | 10-12 || total
-------------------------+-------+-------+-------+-------++-------
Melee: Unarmed           |   110 |   245 |   413 |   406 ||  1174
       Bite              |    27 |    60 |   108 |   177 ||   372
       Punch             |     4 |    10 |    17 |    36 ||    67
Evoke: Wand              |       |       |     4 |       ||     4
  Use: Scroll            |       |       |     8 |     2 ||    10
       Potion            |       |       |     2 |     2 ||     4
 Stab: Sleeping          |       |       |     3 |    14 ||    17
       Distracted        |       |       |     1 |     1 ||     2
Armor: Ring mail         |    47 |   107 |   153 |    57 ||   364
       Skin              |       |       |    14 |    29 ||    43
Dodge: Dodged            |    88 |   132 |   195 |   223 ||   638
Block: Other             |       |       |       |    42 ||    42
       Reflection        |       |       |       |     1 ||     1
